 Dungeon Crawl Stone Soup version 0.28.0-53-g5a82cb258f (webtiles) character file.

Game seed: 6705591235259094122

2 melloss the Sneak (level 1, -1/9 HPs)
             Began as a Spriggan Enchanter on June 7, 2022.
             Slain by a jackal (2 damage)
             ... on level 1 of the Dungeon.
             The game lasted 00:00:46 (102 turns).

melloss the Sneak (Spriggan Enchanter)               Turns: 102, Time: 00:00:46

Health: -1/9       AC:  2    Str:  4    XL:     1   Next: 33%
Magic:  5/5        EV: 17    Int: 16    God:
Gold:   17         SH:  0    Dex: 15    Spells: 5/5 levels left

rFire   . . .      SeeInvis +   d - +0 long sword
rCold   . . .      Faith    .   (no shield)
rNeg    . . .      Spirit   .   b - +0 robe
rPois   .          Reflect  .   (helmet restricted)
rElec   .          Harm     .   (no cloak)
rCorr   .          Rampage  .   (gloves unavailable)
Will    .....                   (boots unavailable)
Stlth   +++.......              (no amulet)
HPRegen 0.03/turn               (no ring)
MPRegen 0.09/turn               (no ring)

@: very quick
A: very small, no large weapons, unfitting armour, see invisible, speed 3
a: no special abilities


You were on level 1 of the Dungeon.
You visited 1 branch of the dungeon, and saw 1 of its levels.

You collected 17 gold pieces.

Inventory:

Hand Weapons
 a - a +1 dagger
 d - a +0 long sword (weapon)
Armour
 b - a +0 robe (worn)
Potions
 c - a potion of invisibility


   Skills:
 - Level 1.1 Short Blades
 + Level 2.9 Dodging
 + Level 4.6 Stealth
 - Level 2.6 Spellcasting
 - Level 3.6 Hexes


You had 5 spell levels left.
You didn't know any spells.
Your spell library contained the following spells:

 Spells                   Type           Power      Damage    Failure   Level
 Confusing Touch          Hex            13%        N/A       13%         3
 Tukima's Dance           Hex            13%        N/A       13%         3
 Ensorcelled Hibernation  Hex/Ice        14%        N/A       14%         2
 Dazzling Flash           Conj/Hex       14%        N/A       28%         3


Dungeon Overview and Level Annotations

Branches:
Dungeon (1/15)

Altars:


Innate Abilities, Weirdness & Mutations

You are very small and have problems with some larger weapons.
You are too small for most types of armour.
You have supernaturally acute eyesight. (SInv)
You cover ground extremely quickly. (Speed+++)


Message History

The jackal bites you. The jackal closely misses you.
You barely miss the jackal.
The jackal is almost dead.
The jackal misses you. The jackal closely misses you.
You hit the jackal but do no damage.
The jackal is almost dead.
The jackal completely misses you. The jackal barely misses you.
You closely miss the jackal.
The jackal is almost dead.
The jackal bites you. The jackal barely misses you.
You closely miss the jackal.
The jackal is almost dead.
The jackal barely misses you. The jackal closely misses you.
You hit the jackal.
You kill the jackal!
The jackal closely misses you.
You closely miss the jackal. The jackal misses you.
The jackal completely misses you.
You completely miss the jackal. The jackal closely misses you. x2
You hit the jackal but do no damage. The jackal barely misses you. x2
You open the door.
A dart slug comes into view.
There is an open door here.
A goblin comes into view. It is wielding a +0 club.
Found a leather armour.
The goblin shouts!
A frilled lizard comes into view.
The frilled lizard bites you.
You see here a rat corpse.
You hit the frilled lizard.
You kill the frilled lizard!
The jackal closely misses you.
You closely miss the jackal. The jackal completely misses you.
You closely miss the jackal. The jackal completely misses you.
The jackal bites you.
* * * LOW HITPOINT WARNING * * *
You hit the jackal.
The jackal is severely wounded.
The jackal bites you.
You die...

...................#
..
######.#..hghh...h# .
#.##########h# .#
#...# #.# .# #h..#
#l#..# #h.w# #.#..#
#...# #..#.#
#.##########...##
##'#......@hh....#
#......######.##.....
#......'....#.# #####
#......######..
#......'....'...
#......######....
#......# #.....
#......# ......
#.######


You could see 2 jackals.

Vanquished Creatures
  A jackal (D:1)
  A frilled lizard (D:1)
  A rat (D:1)
3 creatures vanquished.

Notes
Turn   | Place    | Note
-------+----------+-------------------------------------------
     0 | D:1      | melloss the Spriggan Enchanter began the quest for the Orb.
     0 | D:1      | Reached XP level 1. HP: 9/9 MP: 5/5
   102 | D:1      | Slain by a jackal

Illustrated notes

Levels and vault maps discovered:
D:1:      eino_arrival_druids_welcome, layout_basic,
          hellmonk_ecumenical_altar_inner_sanctum, minmay_3d_cube

Action                   || total
-------------------------++-------
Melee: Long sword        ||    16
Dodge: Dodged            ||    23
